 Dungeon Crawl Stone Soup version 0.16-a0-3807-g3748f16 (webtiles) character file.

9 Ololoev the Magician (level 2, -1/19 HPs)
             Began as a Mummy Wizard on Jan 27, 2015.
             Slain by a giant gecko (3 damage)
             ... on level 1 of the Dungeon.
             The game lasted 00:02:13 (751 turns).

Ololoev the Magician (Mummy Wizard)                  Turns: 751, Time: 00:02:13

Health: -1/19      AC:  2    Str: 10    XL:     2   Next: 6%
Magic:  4/6        EV: 12    Int: 17    God:
Gold:   26         SH:  0    Dex: 10    Spells: 2 memorised, 4 levels left

rFire  x . .     SeeInvis .     f - +0 short sword
rCold  + . .     Clarity  .     a - +0 robe
rNeg   + + +     SustAb   .     (no shield)
rPois  ∞         Gourm    .     b - +0 hat
rElec  .         Spirit   .     (no cloak)
rCorr  .         Warding  .     (no gloves)
rMut   .         Stasis   .     (no boots)
MR     .....                    (no amulet)
Stlth  ++........               (no ring)
                                (no ring)

@: not resistant to hostile enchantments, unstealthy
A: no food or potions, fire vulnerability, restore body, cold resistance 1,
negative energy resistance 3, poison resistance, torment resistance, unbreathing
a: no special abilities


You were on level 1 of the Dungeon.
You were not hungry.

You visited 1 branch of the dungeon, and saw 1 of its levels.

You collected 26 gold pieces.

Notes
Turn   | Place    | Note
--------------------------------------------------------------
     0 | D:1      | Ololoev, the Mummy Wizard, began the quest for the Orb.
     0 | D:1      | Reached XP level 1. HP: 13/13 MP: 4/4
    85 | D:1      | Reached skill level 1 in Conjurations
   467 | D:1      | Reached XP level 2. HP: 5/19 MP: 1/6
   471 | D:1      | Learned a level 2 spell: Call Imp
   751 | D:1      | Slain by a giant gecko

Inventory:

Hand weapons
 f - a +0 short sword (weapon)
Armour
 a - a +0 robe (worn)
 b - a +0 hat (worn)
Scrolls
 d - a scroll of identify {unknown}
 e - 2 scrolls of random uselessness {unknown}
Books
 c - a book of Minor Magic

   Spells                             Type                      Level
   a - Magic Dart                     Conjuration                  1
   b - Blink                          Translocation                2
   c - Call Imp                       Summoning                    2
   d - Repel Missiles                 Charms/Air                   2
   e - Slow                           Hexes                        2
   f - Conjure Flame                  Conjuration/Fire             3
   g - Mephitic Cloud                 Conjuration/Poison/Air       3

Table legend:
 A = Turns spent in this place as a percentage of turns spent in the entire game.
 B = Non-inter-level travel turns spent in this place as a percentage of non-inter-level travel turns spent in the entire game.
 C = Inter-level travel turns spent in this place as a percentage of turns spent in this place.
 D = Turns resting spent in this place as a percentage of non-inter-level travel turns spent in this place.
 E = Turns spent auto-exploring this place as a percentage of non-inter-level travel turns spent in this place.
 F = Non-inter-level travel turns spent in this place divided by the number of levels of this place that you've seen.
                   A       B       C       D       E      F
               +-------+-------+-------+-------+-------+----------------------
         Total | 100.0 | 100.0 |   0.0 |  10.2 |   7.0 | 187.0
       Dungeon | 100.0 | 100.0 |   0.0 |  10.2 |   7.0 | 187.0
               +-------+-------+-------+-------+-------+----------------------


   Skills:
 + Level 0.5 Armour
 - Level 1.5 Dodging
 - Level 1.5 Stealth
 * Level 3.1 Spellcasting
 + Level 1.2 Conjurations
 + Level 0.7 Summonings
   Level 0.7 Translocations


You had 4 spell levels left.
You knew the following spells:

 Your Spells              Type           Power        Failure   Level  Hunger
a - Magic Dart            Conj           #...         14%         1    N/A
b - Call Imp              Summ           #.......     21%         2    N/A

Dungeon Overview and Level Annotations

Branches:
Dungeon (1/15)

Altars:


Innate Abilities, Weirdness & Mutations

You do not eat or drink.
Your flesh is vulnerable to fire.
Your flesh is cold resistant.
You are immune to negative energy.
Your system is resistant to poisons.
You are immune to unholy pain and torment.
You can survive without breathing.


Message History

The giant newt bites you but does no damage.
The giant newt closely misses you.
You closely miss the giant newt. The giant newt closely misses you.
You completely miss the giant newt. The giant newt bites you.
You hit the giant newt.
You kill the giant newt!
No target in view!
No target in view!
You start resting.
A rat comes into view.
A giant gecko comes into view.
The giant gecko moves out of view.
The rat barely misses you.
You barely miss the rat. The rat bites you.
You closely miss the rat. The rat bites you. The rat bites you.
You hit the giant gecko but do no damage.
The giant gecko bites you. x2
The rat bites you.
You are too injured to fight recklessly!
You are too injured to fight recklessly!
The giant gecko bites you. The giant gecko misses you.
You see here a giant newt corpse.
Casting: Magic Dart
Confirm with . or Enter, or press ? or * to list all spells.
A beastly little devil appears in a puff of flame.
The giant gecko bites you. The rat bites your crimson imp.
The rat closely misses your crimson imp.
The giant gecko bites you. The giant gecko bites you.
The giant gecko barely misses you.
You see here a giant newt corpse.
Casting: Call Imp
Confirm with . or Enter, or press ? or * to list all spells.
A beastly little devil appears in a puff of flame.
Your crimson imp disappears in a puff of smoke!
The giant gecko barely misses you.
The giant gecko bites you but does no damage.
The giant gecko bites you.
You die...

### #.##.##.........#.#.... ..
##.##..##.......##.......
##.####..##...###.##r###(.....
..............##..##†##....(..
.....%........##.###.#.....##
#........†...#..###.##....##
#........##....#.§r.##.....#
###.†....####.###l#####.#...#
#.....###......5@.# #.##..#
#.###.#.......##### ##.##..# #.#
#...#####..# ###..##..# #.#
###...###..#####...###.## ..#
###...#..##.##.### #.###+## ..##
###..........# #.##...# ...##
#.###.....## ###.##...#
....#######.###....#####%..##.>.'
...###.........#(........####...#


You could see a giant gecko, a rat and a friendly crimson imp.

Table legend:
 A = Kills in this place as a percentage of kills in entire the game.
 B = Kills by you in this place as a percentage of kills by you in the entire game.
 C = Kills by friends in this place as a percentage of kills by friends in the entire game.
 D = Other kills in this place as a percentage of other kills in the entire game.
 E = Experience gained in this place as a percentage of experience gained in the entire game.
 F = Experience gained in this place divided by the number of levels of this place that you have seen.
                   A       B       C       D       E      F
               +-------+-------+-------+-------+-------+----------------------
         Total | 100.0 | 100.0 |  -nan |  -nan | 100.0 |  14.0
       Dungeon | 100.0 | 100.0 |  -nan |  -nan | 100.0 |  14.0
               +-------+-------+-------+-------+-------+----------------------

Vanquished Creatures
  An ooze (D:1)
  A hobgoblin (D:1)
  2 kobolds (D:1)
  2 bats (D:1)
  A giant cockroach (D:1)
  2 giant newts (D:1)
9 creatures vanquished.

Action                   || total
-------------------------++-------
Melee: Unarmed           ||    18
       Short sword       ||    18
 Cast: Magic Dart        ||    16
       Call Imp          ||     2

Vault maps used:
D:1:      dpeg_arrival_simpleton_b
